AoeStats
← Phill chung long

Arabia

510645968Analyzed
1v1 RM · 22h ago on Oct 2, 2026· 43m 56s· 2 players
Game mode
Random Map
Map size
Tiny (2 player)
Population
200
Speed
Normal
Resources
Standard
Victory
Conquest
Starting age
Dark Age
Ending age
Imperial Age
RankedLock teamsTeams togetherTeam positionsShared explorationLock speedFull tech treeHidden civsTurbo modeCheats
Victory
Defeat
🇦🇷 Danes · Argentina
786
+17
🇵🇪 Khmer · Peru
800
-36
Mari-Mari
11:20 Feudal Age
10:08 Loom
12:44 Double-Bit Axe
12:40 Horse Collar
16:30 Wheelbarrow
17:28 Forging
17:24 Scale Barding Armor
20:34 Castle Age
19:01 Stone Mining
22:19 Iron Casting
22:53 Hamask
23:38 Arson
23:53 Squires
23:39 Gambesons
25:55 Scale Mail Armor
26:13 Bow Saw
28:56 Town Watch
40:48 Fervor
40:39 Devotion
41:04 Sanctity
40:54 Redemption
42:04 Fletching
Phill chung long
10:06 Feudal Age
13:06 Stone Mining
20:18 Castle Age
21:07 Husbandry
Connection lost

Rejoining the realm…

Still unreachable

The connection could not be restored.

Session expired

The server has moved on; the page needs a fresh start.